[Event "Grandiscacchi GM Festival 2022"]
[Site "Montebelluna"]
[Date "2022.05.17"]
[Round "2.1"]
[White "Rozen, Eytan"]
[Black "Pantsulaia, Levan"]
[Result "0-1"]
[ECO "A30"]
[WhiteElo "2425"]
[BlackElo "2587"]
[Annotator "TA"]
[PlyCount "124"]
[EventDate "2022.05.17"]
[EventType "swiss"]
[EventCountry "ITA"]
[SourceTitle "playchess.com"]
[Source "ChessBase"]
[SourceQuality "1"]
[TimeControl "40/3600+30:1800+30"]

1. Nf3 c5 2. c4 Nf6 3. Nc3 e6 4. d4 cxd4 5. Nxd4 a6 6. g3 Qc7 7. Bg2 {[%emt 0:04:20] 7.Bg2 scores better than 7.Qd3.} Be7 8. O-O O-O 9. e4 {[%emt 0:02:25] A30: Symmetrical English: Double Fianchetto and Hedgehog.} d6 10. Qe2 Nbd7 11. f4 {[%emt 0:03:41] Prevents Ne5. White is better.} Re8 12. Be3 (12. g4 $5 ) 12... Bf8 (12... e5 $14) 13. Rac1 g6 (13... e5 $142) 14. Rfd1 {[%emt 0:08:02] [#]} (14. Nb3 $16) 14... e5 $146 ({Predecessor:} 14... h6 15. b4 Qb8 16. Nb3 Bg7 17. a4 e5 18. a5 b6 19. axb6 Nxb6 20. h3 Nh5 {1-0 (65) Hansen,L (2540)-Antonio,R (2410) Lugano 1989}) 15. Nb3 {[%emt 0:03:12] next f5 is good for White.} exf4 16. gxf4 Qb8 17. c5 ({White should play} 17. Qf3 $14) 17... dxc5 (17... Nxc5 $11 18. Nxc5 Bg4) 18. Bf3 c4 19. Nd4 ({Much weaker is} 19. Qxc4 Bh6 20. Rf1 (20. Ne2 $2 Ne5 $19) 20... Bxf4 21. Bxf4 Qxf4 $17) 19... Bh6 (19... h5 $1 $11) 20. e5 $16 Nxe5 21. fxe5 Rxe5 {[%emt 0:00:16] [#]} 22. Bxh6 Rxe2 $11 23. Ndxe2 {[%emt 0:02:08] White threatens Rd8+ and mate. Pair of Knights!} Qa7+ 24. Rd4 Bg4 {[%emt 0:00:15] Chess con chili.} 25. Rf1 Bxf3 (25... Rd8 $5 ) 26. Rxf3 Ng4 27. Be3 (27. Bg5 $1 $15) 27... Nxe3 $19 28. Rxe3 b5 29. Re5 (29. a3 $17 {might work better.}) 29... Rd8 $1 30. Red5 Rxd5 31. Nxd5 Kg7 32. Kg2 (32. h4 $17) 32... Qc5 33. Kf3 (33. h4 $17 {keeps fighting.}) 33... b4 ({Black should try} 33... Qc8 $19 {Threatens to win with ...Qh3+.} 34. Ng3 Qh3) 34. h4 $17 Qa5 {[%emt 0:00:00] Against a3} (34... a5 $17 {White must now prevent ...Qc6.} 35. Kf2 Qc6) 35. Kf2 $2 {[%emt 0:00:00] Now White is beyond hope.} (35. a3 $1 $15) 35... Qxa2 $19 36. Nxb4 Qxb2 37. Rxc4 a5 38. Nd5 Qb3 39. Rc5 (39. Ne3 {was the crucial defense.}) 39... a4 {[%emt 0:00:00] [#] Hoping for ...a3.} 40. Nec3 Qc2+ 41. Kg3 Qd3+ 42. Kg2 Qa6 {[%emt 0:03:03] Against Ra5} 43. Rb5 (43. Ne3 {was forced.}) 43... a3 44. Rb1 Qc4 45. Ra1 Qg4+ 46. Kf1 Qf3+ 47. Kg1 Qg3+ 48. Kf1 Qxh4 49. Rxa3 h5 50. Kg2 Qg5+ 51. Kh2 h4 {[%emt 0:02:10] ( -> ...Qg3+)} 52. Ra2 Qg3+ 53. Kh1 h3 {[%emt 0:00:51] Black mates.} 54. Re2 f5 55. Ne3 f4 ({Not} 55... h2 56. Nxf5+ gxf5 57. Rg2 $11) 56. Ned1 g5 57. Rf2 g4 58. Ne2 Qd3 59. Nxf4 Qxd1+ 60. Kh2 Kh6 61. Nxh3 Qb3 62. Rf6+ Kg7 {[%emt 0:00:05] Weighted Error Value: White=0.71/Black=0.15 (very precise)} 0-1

[Event "Grandiscacchi GM Festival 2022"]
[Site "Montebelluna"]
[Date "2022.05.17"]
[Round "2.2"]
[White "Loiseau, Quentin"]
[Black "Fishchuk, Vladyslav"]
[Result "1-0"]
[ECO "E04"]
[WhiteElo "2445"]
[BlackElo "2102"]
[Annotator "TA"]
[PlyCount "125"]
[EventDate "2022.05.17"]
[EventType "swiss"]
[EventCountry "ITA"]
[SourceTitle "playchess.com"]
[Source "ChessBase"]
[SourceQuality "1"]
[TimeControl "40/3600+30:1800+30"]

1. d4 Nf6 2. c4 e6 3. g3 d5 4. Bg2 dxc4 5. Nf3 c5 6. O-O Nc6 7. dxc5 Qxd1 8. Rxd1 Bxc5 9. Nbd2 c3 10. bxc3 O-O 11. Nb3 Be7 {[%emt 0:00:08] E04: Open Catalan: 5 Nf3.} 12. Bb2 e5 13. c4 e4 {[%emt 0:09:26] White is slightly better.} 14. Nfd4 Nxd4 15. Bxd4 {[%emt 0:07:46] [#]} Be6 $146 ({Predecessor:} 15... Bg4 16. Rd2 Rac8 17. Rc2 b6 18. e3 Rfe8 19. c5 bxc5 20. Nxc5 Nd7 21. Rac1 Nxc5 22. Bxc5 Rxc5 23. Rxc5 Bxc5 24. Rxc5 {½-½ (55) Matlakov,M (2691)-Lu,S (2614) Moscow 2016}) 16. Rac1 Rac8 17. c5 Rfd8 18. Bxf6 (18. e3 {with more complications.} Rc7 19. Rd2 h5 20. h4) 18... Rxd1+ 19. Rxd1 Bxf6 20. Bxe4 Bxb3 21. axb3 Rxc5 22. Bxb7 $14 {[%emt 0:00:52][%mdl 4096] Endgame KRB-KRB} Rc7 23. Ba6 Be7 24. Rd5 Kf8 25. Kg2 Bc5 26. Bc4 Ke7 27. Re5+ Kd6 28. Rh5 h6 29. e3 Bb6 30. Rd5+ Ke7 31. Re5+ Kd6 32. Re8 Kc5 33. Kf3 {[%emt 0:00:00] White is more active.} Kb4 34. Rb8 Kc3 35. h4 Rd7 36. h5 f6 37. Kg4 Kd2 38. Re8 Ke1 {[%emt 0:00:00] [#]} ({Black should play} 38... Rc7 39. Rg8 Kc3) 39. f4 $1 $16 Kf2 40. e4 Be3 (40... Bc5 $142 41. Rc8 Bd6) 41. Rg8 Re7 42. Bd5 Rc7 43. e5 fxe5 44. fxe5 {[%emt 0:00:03] Rf8+ is the strong threat.} Bg5 45. Bc4 Re7 $2 (45... a5 $16 {was worth a try.}) 46. e6 $18 Ke3 47. Kf5 Kd4 48. Rc8 {[%emt 0:01:31] Inhibits Rc7.} Bf6 49. Rf8 (49. Kg6 $142) 49... Bg5 $2 (49... Kc5 50. Rd8 Rc7 51. Rd5+ Kc6) 50. Kg6 {[%emt 0:00:08] [#] Hoping for Rf7.} Ke5 51. Rf5+ Kd6 52. Rd5+ (52. Rf7 $142 Rc7 53. Kxg7) 52... Kc6 53. Rxg5 $2 (53. Rd1 $18) 53... hxg5 $11 54. Kxg5 $18 {[%emt 0:00:02] KR-KB} Kc7 $2 (54... Kd6 $11) 55. Kg6 {[%emt 0:00:43] Black must now prevent g4.} Kd8 56. g4 {[%emt 0:00:34][%cal Bg3g4,Bg4g5,Bg5h6][%mdl 32] g5 would kill now.} Ke8 57. g5 {[%emt 0:00:04] White mates.} Kf8 58. h6 Kg8 59. Bd5 a5 60. Bc4 a4 61. bxa4 gxh6 62. gxh6 Rg7+ 63. Kf6 {[%emt 0:00:05] Weighted Error Value: White=0.20 (precise) /Black=0.40} 1-0

[Event "Grandiscacchi GM Festival 2022"]
[Site "Montebelluna"]
[Date "2022.05.17"]
[Round "2.4"]
[White "Martinovici, Ilia"]
[Black "Shahil Dey"]
[Result "1-0"]
[ECO "D45"]
[WhiteElo "2408"]
[BlackElo "2369"]
[Annotator "TA"]
[PlyCount "91"]
[EventDate "2022.05.17"]
[EventType "swiss"]
[EventCountry "ITA"]
[SourceTitle "playchess.com"]
[Source "ChessBase"]
[SourceQuality "1"]
[TimeControl "40/3600+30:1800+30"]

1. d4 d5 2. c4 c6 3. Nf3 Nf6 4. Nc3 e6 5. e3 Nbd7 6. b3 Bb4 7. Bd2 O-O 8. Bd3 b6 {[%emt 0:00:44] D45: Semi-Slav: 5 e3.} 9. O-O Bb7 {[%emt 0:00:24] [#]} (9... dxc4 $11 {remains equal.} 10. bxc4 Bb7) 10. Nxd5 $1 $16 {[%emt 0:05:13][%mdl 512] White is more active.} Bxd2 {[%emt 0:05:15] White is better.} 11. Nxf6+ Qxf6 {[%emt 0:00:08] [#]} 12. Nxd2 $146 ({Predecessor:} 12. Qxd2 c5 13. Be2 Rad8 14. Rfd1 e5 15. dxc5 e4 16. Ne1 Ne5 17. Qb4 Qe7 18. Rxd8 Rxd8 {½-½ (38) Stojanovic,M (2566)-Baramidze,D (2615) Zuerich 2012}) 12... c5 13. Be4 Bxe4 14. Nxe4 Qg6 15. Ng3 Rad8 16. Qb1 f5 17. Rd1 Qf7 18. dxc5 bxc5 19. Qd3 h5 (19... Qe7 $16 20. Qd6 Kf7) 20. Qd6 $18 Kh8 21. h4 e5 22. e4 fxe4 (22... f4 $142) 23. Nxe4 Qf5 24. f3 Nf6 25. Qxd8 Rxd8 26. Rxd8+ Kh7 27. Re1 ({Much less strong is} 27. Nxc5 e4 28. Nxe4 Nxe4 29. fxe4 Qxe4 $18) 27... Qf4 28. g3 Qf5 {[%emt 0:00:57] [#] aiming for ...Nxe4.} 29. Kg2 Kg6 30. Rd2 Qc8 31. Ng5 Qb8 32. Rde2 Nd7 33. Rd1 Nf6 34. Ne4 Qc7 35. Rd6 Kf5 36. Rd3 ({Less strong is} 36. Kh3 a5 37. Kg2 a4 $18) 36... Kg6 37. Ng5 Qb8 (37... Kf5 $142 38. Kh3 a5) 38. Ne6 e4 39. fxe4 Qe5 40. Ng5 {[%emt 0:00:00] Threatens to win with Red2.} Ng4 41. Rd5 Qe7 42. e5 a5 43. Rd6+ Kf5 44. Re1 {[%emt 0:02:02] Threatening mate with Rf1+.} Qb7+ 45. Kg1 Qb4 46. Rf1+ {[%emt 0:00:25] White took control after the opening.  Weighted Error Value: White=0.08 (flawless) /Black=0.37} 1-0

[Event "Grandiscacchi GM Festival 2022"]
[Site "Montebelluna"]
[Date "2022.05.17"]
[Round "3.1"]
[White "Safarli, Eltaj"]
[Black "Jobava, Baadur"]
[Result "1/2-1/2"]
[ECO "C43"]
[WhiteElo "2600"]
[BlackElo "2600"]
[Annotator "TA"]
[PlyCount "34"]
[EventDate "2022.05.17"]
[EventType "swiss"]
[EventCountry "ITA"]
[SourceTitle "playchess.com"]
[Source "ChessBase"]
[SourceQuality "1"]
[TimeControl "40/3600+30:1800+30"]

1. e4 e5 2. Nf3 Nf6 3. d4 d5 4. dxe5 Nxe4 5. Nbd2 Nxd2 6. Bxd2 {[%emt 0:00:05] C43: Petroff Defence: 3 d4.} Be7 7. Bd3 c5 8. c3 Nc6 9. O-O Be6 10. Re1 O-O 11. h3 {[%emt 0:00:06] [#] A rather calm draw.  Weighted Error Value: White=0.01 (flawless) /Black=0.02 (flawless)} {Predecessor:} a6 $146 12. Bf4 b5 13. Bc2 Rc8 14. Qd3 g6 15. Qd2 b4 16. Bg5 Bxg5 17. Nxg5 Kg7 {1-0 (42) Ivic,V (2259)-Omorjan,D (2233) Kragujevac 2016} 1/2-1/2

[Event "Grandiscacchi GM Festival 2022"]
[Site "Montebelluna"]
[Date "2022.05.17"]
[Round "3.2"]
[White "Martinovici, Ilia"]
[Black "Loiseau, Quentin"]
[Result "0-1"]
[ECO "D24"]
[WhiteElo "2408"]
[BlackElo "2445"]
[Annotator "TA"]
[PlyCount "80"]
[EventDate "2022.05.17"]
[EventType "swiss"]
[EventCountry "ITA"]
[SourceTitle "playchess.com"]
[Source "ChessBase"]
[SourceQuality "1"]
[TimeControl "40/3600+30:1800+30"]

1. d4 d5 2. c4 dxc4 3. Nf3 Nf6 4. Nc3 a6 5. a4 e6 6. e4 Bb4 {[%emt 0:00:59] D24: Queen's Gambit Accepted: 3 Nf3 Nf6 4 Nc3.} 7. e5 Nd5 8. Bd2 b5 {[%emt 0:12:27] The position is equal.} 9. axb5 Nb6 10. bxa6 Nc6 11. Na4 {[%emt 0:19:27] And now Bxb4 would win.} Bxd2+ 12. Nxd2 {[%emt 0:03:04] [#]} (12. Qxd2 {keeps more tension.} Bxa6 13. Nxb6 cxb6 14. b3) 12... Nxa4 $146 ({Predecessor:} 12... O-O 13. Nxb6 cxb6 14. Bxc4 Qxd4 15. O-O Nxe5 16. Be2 Qxb2 17. Qc1 Qd4 18. Rd1 b5 19. Nf3 Qe4 20. Bxb5 Nxf3+ 21. gxf3 Qxf3 22. Qc4 e5 23. Bc6 Bxa6 24. Bxf3 {1-0 (24) Kuligin,E (2329)-Ovetchkin,R (2534) Nizhnij Tagil 2007}) 13. Rxa4 (13. Qxa4 Rxa6 14. Qd1 Rxa1 15. Qxa1 Qxd4 $17) 13... Qxd4 14. Bxc4 (14. Rxc4 Qxe5+ 15. Qe2 Rxa6 $17) 14... O-O {[%emt 0:10:10] next ...Rd8 is good for Black.} 15. O-O (15. Nf3 $11 Qe4+ 16. Qe2 (16. Be2 Nb4 $11) 16... Qb1+ 17. Qd1 Qe4+ 18. Qe2 (18. Be2 Nb4 $11) 18... Qb1+ 19. Qd1 Qe4+) 15... Rd8 $1 $17 16. Qf3 Qxd2 17. Bb5 ({But not} 17. Qxc6 $2 Bd7 18. Qxc7 Bxa4 $19) 17... Qxb2 18. Qxc6 {[%emt 0:07:49] Loses the game.} (18. Bxc6 $17 Bxa6 19. Re1 (19. Rfa1 Bb7 $17)) 18... Bd7 $19 19. Qxd7 Rxd7 20. Bxd7 {[%emt 0:00:04] [#]} Qb6 $1 ({Weaker is} 20... Qxe5 21. Bc6 Ra7 22. Bb7 $11) 21. Rfa1 {[%emt 0:00:17] [#]} c6 $1 22. Rc1 (22. a7 {was necessary.} Qb7 23. Ra6 (23. Be8 $2 Kf8 $19) 23... Qxd7 24. Rb6) 22... Rxa6 23. Rxa6 Qxa6 24. Bxc6 {[%emt 0:00:05][%mdl 4096] Endgame KQ-KRB} Qa5 {[%emt 0:01:11] Prevents Bb5.} 25. f4 $2 (25. Bf3 g6 26. g3) 25... Qa3 26. Rd1 {[%emt 0:00:00] Rd8+ is the strong threat.} g5 {[%emt 0:00:05] Threatens to win with ...Qc5+.} 27. Kh1 gxf4 28. Bf3 Qe3 29. Rd8+ Kg7 30. h3 Qxe5 31. Rd7 Kg6 (31... Qe1+ $142 32. Kh2 Kg6) 32. Rb7 Qc5 33. Rb8 f5 34. Re8 e5 {[%emt 0:00:00] aiming for ...e4.} 35. Kh2 e4 {[%emt 0:00:00] Black mates.} 36. Bxe4 Kf7 37. Bc6 Qxc6 38. Re1 f3 39. Rf1 Qd6+ 40. Kg1 Qc5+ {[%emt 0:00:00] Weighted Error Value: White=0.81/Black=0.25 (precise)} 0-1

[Event "Grandiscacchi GM Festival 2022"]
[Site "Montebelluna"]
[Date "2022.05.17"]
[Round "3.3"]
[White "Fishchuk, Vladyslav"]
[Black "Rozen, Eytan"]
[Result "0-1"]
[ECO "D80"]
[WhiteElo "2102"]
[BlackElo "2425"]
[Annotator "TA"]
[PlyCount "82"]
[EventDate "2022.05.17"]
[EventType "swiss"]
[EventCountry "ITA"]
[SourceTitle "playchess.com"]
[Source "ChessBase"]
[SourceQuality "1"]
[TimeControl "40/3600+30:1800+30"]

1. d4 Nf6 2. c4 g6 3. Nc3 d5 4. h4 c5 5. Nf3 cxd4 6. Nxd4 {[%emt 0:04:23] D80: Grünfeld: Unusual White 4th moves and 4 Bg5.} e5 {[%emt 0:06:08] Inhibits Bf4.} 7. Nf3 d4 {[%emt 0:02:04] [#]} 8. Nxe5 $146 ({Predecessor:} 8. Nb1 Nc6 9. h5 e4 10. Ng5 e3 11. fxe3 Qa5+ 12. Bd2 Qxg5 13. Qa4 dxe3 14. Bc3 {0-1 (21) Chitlange,S (2167)-Novik,M (2434) Chess.com INT 2020}) 8... dxc3 (8... Nc6 9. Nd5 $15 (9. Nxc6 bxc6 10. Nb1 Bb4+ 11. Bd2 Rb8 $15)) (8... Qd6 $1 $19 9. Qa4+ Nbd7 10. Nxd7 Bxd7) 9. Qxd8+ $17 Kxd8 10. Nxf7+ Ke8 11. Nxh8 Bg7 {[%emt 0:01:56] [#]} ({Better is} 11... cxb2 $1 $17 12. Bxb2 Bb4+ 13. Kd1 Ne4) 12. Nxg6 $1 {[%emt 0:00:19] And now Nf4 would win.} Ne4 $1 13. Rb1 {[%emt 0:04:08] Black must now prevent Nf4.} Bf5 {[%emt 0:10:06] [#]} (13... c2 $15 {stays ahead.} 14. Ra1 hxg6) 14. g4 $1 Bxg6 $14 (14... c2 15. Ra1) 15. h5 $1 c2 16. Ra1 Bf7 17. Bg2 Nc5 18. O-O (18. Kd2 $14) 18... Nc6 {[%emt 0:02:18] Black is more active.} ({Much less strong is} 18... Bxc4 19. Be3 Bxb2 20. Bxc5 $16) 19. Bxc6+ bxc6 20. Be3 Bxb2 21. Bxc5 (21. Rac1 $142 Bxc1 22. Rxc1) 21... Bxa1 $17 22. Rxa1 {[%emt 0:00:17][%mdl 4096] Endgame KRB-KRB. This costs White the game.} (22. Rc1 $17 {was the only defense.}) 22... Rd8 $19 23. Rf1 Rd1 ({But not} 23... Bxc4 $2 24. Be3 Rd1 25. Kg2 $19) 24. Be3 {[%emt 0:00:00] Prevents c1Q.} Bxc4 25. Kg2 Bxe2 26. Rg1 Bxg4 27. h6 {[%emt 0:00:00] [#]} Bf3+ $1 28. Kh2 Bd5 29. a3 $2 (29. Rg7) 29... a6 30. Bf4 $2 (30. Rg7) 30... Kf7 31. Be3 Ke6 32. a4 a5 {[%emt 0:00:00][%cal Oc6c5] ...c5! is the strong threat.} 33. Bg5 Kf5 {[%emt 0:00:00] ( -> ...Rxg1)} 34. Be3 Ke4 35. Rg7 c1=Q 36. Bxc1 Rxc1 37. Rxh7 {[%emt 0:00:00] KRB-KR} Kf5 (37... Kf4 $142 38. f3 Kxf3 39. Rf7+ Kg4 40. Rg7+ Kf4 41. Rg2 Bxg2 42. Kxg2 Re1 43. h7 Re8 44. Kh2 Rh8 45. Kg2 Rxh7 46. Kf2 Re7 47. Kg2 Re2+ 48. Kf1 Kf3 49. Kg1 Rd2 50. Kh1 Kg3 51. Kg1 Rd1#) 38. f3 Kg6 39. Rh8 Rc4 40. Kh3 Rxa4 41. h7 Kg7 {[%emt 0:17:08] Weighted Error Value: White=0.98/Black=0.46} 0-1

[Event "Grandiscacchi GM Festival 2022"]
[Site "Montebelluna"]
[Date "2022.05.17"]
[Round "3.4"]
[White "Kalogridis, Antonios"]
[Black "Ojas Kulkarni"]
[Result "1-0"]
[ECO "D90"]
[WhiteElo "2306"]
[BlackElo "2235"]
[Annotator "TA"]
[PlyCount "97"]
[EventDate "2022.05.17"]
[EventType "swiss"]
[EventCountry "ITA"]
[SourceTitle "playchess.com"]
[Source "ChessBase"]
[SourceQuality "1"]
[TimeControl "40/3600+30:1800+30"]

1. d4 Nf6 2. c4 g6 3. Nc3 d5 4. Nf3 Bg7 5. h4 dxc4 6. e4 {[%emt 0:00:06] D90: Grünfeld: 4 Nf3 Bg7 sidelines.} c5 7. d5 O-O 8. Bxc4 {[%emt 0:00:11] The position is equal.} b5 9. Bxb5 {[%emt 0:00:04] Black should prevent 0-0.} Nxe4 $1 10. Nxe4 Qa5+ 11. Nc3 Bxc3+ {[%emt 0:00:06][%mdl 64] Remove Defender} 12. bxc3 Qxb5 13. h5 Qc4 14. hxg6 fxg6 {[%emt 0:00:44] [#]} 15. Bh6 $146 ({Predecessor:} 15. Rh4 Qxc3+ 16. Bd2 Qd3 17. Bh6 Qxd1+ 18. Rxd1 Rf5 19. Re4 Nd7 20. Rxe7 Rh5 21. Be3 {½-½ (34) Fedoseev,V (2674)-Chigaev,M (2619) Moscow 2020}) 15... Ba6 16. Qd2 Qe4+ 17. Qe3 Qxe3+ 18. fxe3 Rd8 19. O-O-O $36 {[%emt 0:06:51][%mdl 2048] White has good play.} Nd7 20. e4 Be2 (20... Rdb8 $11) 21. Rd2 $14 Bxf3 22. gxf3 c4 23. Bg5 {[%emt 0:04:23] White is much more active.} Ne5 $2 (23... Re8 $16 {keeps fighting.}) 24. Bxe7 $18 Rd7 25. Bf6 Nd3+ {[%emt 0:00:17] [#]} 26. Kc2 (26. Rxd3 $1 $18 {[%mdl 512] is the precise move to win.} cxd3 27. Be5) 26... Rf8 $16 27. Bd4 {[%emt 0:03:38] aiming for Rxd3.} Rb7 $2 (27... Rxf3 $14 28. Rb1 Rf8) 28. Rb1 $2 (28. Rxd3 $18 cxd3+ 29. Kxd3) 28... Rxb1 $11 29. Kxb1 Rxf3 {[%emt 0:00:16][%mdl 4096] Endgame KRB-KRN} 30. Kc2 (30. Bxa7 $2 Rf1+ 31. Rd1 Rxd1+ $19) 30... a6 (30... h5 $11) 31. Re2 ({White should play} 31. Rd1 $1 $16 ) 31... Nf4 (31... Kf7 $11 {keeps the balance.}) 32. Rf2 (32. Re1 $1 $16 ) 32... Rxf2+ 33. Bxf2 {[%emt 0:00:00] KB-KN} Nd3 34. Be3 Kf7 35. Kd2 h5 $2 (35... Kf6 $11 {and Black stays safe.}) 36. Bg5 $18 Ne5 37. Ke3 {[%emt 0:00:00] Against Nf3} Ke8 38. Bf4 Nd3 39. Bg5 {[%emt 0:00:59] Strongly threatening Kd4.} Ne5 $1 40. Bf4 Nd3 41. Bb8 $2 (41. Bh2 $18 {e5 is the strong threat.} h4 42. Kf3) 41... g5 $1 $11 42. e5 h4 $2 (42... Kd7 $2 43. e6+ Ke7 44. Bc7 $18) (42... Nf4 $1 $11 43. Ke4 h4) 43. e6 $1 $18 {[%emt 0:03:15] Black must now prevent Ke4.} h3 {[%emt 0:01:01][%cal Od3f4] [#]} (43... Ke7 $2 44. Kf3 $18) 44. Bh2 {[%emt 0:02:23] Prevents Nf4. Hoping for Ke4.} (44. Bd6 Nf4 45. Bxf4 gxf4+ 46. Kf2 (46. Kxf4 $2 h2) 46... Ke7 $11) 44... Nf4 (44... Ke7 45. Kd4 Nf2 46. Kc5 $16) 45. Ke4 {[%emt 0:00:11] Threatens to win with Ke5.} ({Inferior is} 45. Bxf4 gxf4+ 46. Kf3 (46. Kxf4 h2 $19) 46... Ke7 $11) 45... Ke7 {[%emt 0:07:43] [#]} 46. Ke5 ({White has to play} 46. Kd4 $1 $16 ) 46... Nd3+ $2 (46... Ng6+ $11 47. Ke4 Nh4) 47. Kf5 {[%emt 0:00:06] White mates.} Nf4 48. d6+ $1 Kxd6 49. Kxg5 {[%emt 0:00:04] Weighted Error Value: White=0.53/Black=0.53} 1-0

[Event "Grandiscacchi GM Festival 2022"]
[Site "Montebelluna"]
[Date "2022.05.17"]
[Round "3.5"]
[White "Shahil Dey"]
[Black "Siddharth, Jagadeesh"]
[Result "1/2-1/2"]
[ECO "B15"]
[WhiteElo "2369"]
[BlackElo "2393"]
[Annotator "TA"]
[PlyCount "56"]
[EventDate "2022.05.17"]
[EventType "swiss"]
[EventCountry "ITA"]
[SourceTitle "playchess.com"]
[Source "ChessBase"]
[SourceQuality "1"]
[TimeControl "40/3600+30:1800+30"]

1. e4 c6 2. d4 d5 3. Nd2 dxe4 4. Nxe4 Nf6 5. Nxf6+ exf6 6. c3 Bd6 7. Bd3 O-O 8. Qc2 {[%emt 0:00:06] Active counter play!} Re8+ {[%emt 0:00:21] B15: Caro-Kann: 3 Nc3: 3...g6 and 3...dxe4 4 Nxe4 Nf6 5 Nxf6+ exf6.} 9. Ne2 h5 10. O-O h4 {[%emt 0:00:38] White is slightly better.} 11. Bf4 Na6 (11... Rxe2 $2 12. Qxe2 Bxf4 13. Qe4 $18) 12. Rfe1 Nc7 (12... Rxe2 $2 13. Qxe2 Bf5 14. Bxf5 $18) 13. Qd2 {[%emt 0:00:09] [#]} Bxf4 $146 ({Predecessor:} 13... Bf8 14. c4 Ne6 15. h3 Nxf4 16. Qxf4 f5 17. Bxf5 Bxf5 18. Qxf5 Bb4 19. Nc3 Qxd4 20. Rxe8+ Rxe8 {0-1 (26) Shahil,D (2400)-Gukesh,D (2614) New Delhi 2022}) 14. Qxf4 g5 15. Qf3 Kg7 $1 16. c4 {[%emt 0:06:28] Inhibits Qd5.} Qd6 17. Rad1 ({Of course not} 17. Qh5 Rh8 18. Qf3 h3 $11) 17... Bd7 (17... g4 $5 18. Qf4 Qxf4 19. Nxf4 Rxe1+ 20. Rxe1 Be6 $14) 18. Bb1 Rad8 ({But not} 18... Rh8 19. Nc3 $16) 19. h3 b6 (19... Ne6 $11) 20. d5 (20. Qd3 $14 f5 21. b3) 20... cxd5 $11 {[%emt 0:03:48] The position is equal.} 21. cxd5 Re5 22. Nc3 {[%emt 0:01:34] [#] aiming for Ne4.} Rxe1+ 23. Rxe1 Re8 24. Rd1 Nb5 25. Qd3 Nxc3 26. bxc3 Re5 27. Qh7+ Kf8 28. c4 Ke7 {[%emt 0:01:01] Weighted Error Value: White=0.11 (very precise) /Black=0.06 (flawless)} 1/2-1/2

[Event "Grandiscacchi GM Festival 2022"]
[Site "Montebelluna"]
[Date "2022.05.17"]
[Round "4.1"]
[White "Loiseau, Quentin"]
[Black "Pantsulaia, Levan"]
[Result "1/2-1/2"]
[ECO "A43"]
[WhiteElo "2445"]
[BlackElo "2587"]
[Annotator "TA"]
[PlyCount "67"]
[EventDate "2022.05.17"]
[EventType "swiss"]
[EventCountry "ITA"]
[SourceTitle "playchess.com"]
[Source "ChessBase"]
[SourceQuality "1"]
[TimeControl "40/3600+30:1800+30"]

1. d4 c5 2. d5 g6 3. c4 Bg7 4. Nc3 d6 5. e4 e6 6. Bd3 Ne7 7. h4 {[%emt 0:02:08][%cal Bh2h4,Bh4h5][%mdl 32] A43: Schmid Benoni.} h6 {[%emt 0:04:30] [#]} 8. h5 $146 ({Predecessor:} 8. Be3 exd5 9. cxd5 a6 10. a4 Nd7 11. Nf3 Nf6 12. Nd2 Ng4 {½-½ (12) Volkov,S (2612)-Kokarev,D (2608) Serpukhov 2018}) 8... g5 9. f4 {[%emt 0:00:34] White is slightly better.} gxf4 10. Bxf4 Bxc3+ 11. bxc3 {[%emt 0:00:14] Qd2 is the strong threat.} e5 12. Be3 Ng8 13. Nf3 Nd7 14. O-O {[%emt 0:07:42] 0x0.00226a51d9dbdp-1022s more active pieces.} Ndf6 15. Nh2 {[%emt 0:01:03] Against Ng4} Qa5 16. Qf3 Rh7 17. Bf2 {[%emt 0:05:00] [#] Strongly threatening Bh4.} Rg7 $1 18. Bh4 Nh7 19. Be2 Bd7 20. Qe3 f6 21. Rf2 O-O-O 22. Kh1 Kb8 23. Qd2 Bc8 24. Raf1 Ng5 25. Qc2 Qc7 26. Ng4 Nh7 27. Ne3 ({Of course not} 27. Nxf6 Nhxf6 28. Bxf6 Nxf6 29. Rxf6 Qe7 $11) 27... Qf7 28. Nf5 Bxf5 29. Rxf5 Ne7 30. R5f2 ({Wrong is} 30. Bxf6 $2 Nxf5 31. Bxd8 Ng3+ 32. Kg1 Nxf1 33. Bxf1 Qxh5 $19) 30... f5 (30... Ng8 $14) 31. exf5 {[%emt 0:00:00] [#] Hoping for f6.} Nf6 32. Qd3 Rdg8 33. Qh3 Rg5 34. Qd3 $2 {[%emt 0:01:00] Weighted Error Value: White=0.08 (flawless) /Black=0.11 (very precise)} ({White should play} 34. Bxg5 $16 Rxg5 35. a4) 1/2-1/2

[Event "Grandiscacchi GM Festival 2022"]
[Site "Montebelluna"]
[Date "2022.05.17"]
[Round "4.2"]
[White "Jobava, Baadur"]
[Black "Rozen, Eytan"]
[Result "1-0"]
[ECO "D94"]
[WhiteElo "2600"]
[BlackElo "2425"]
[Annotator "TA"]
[PlyCount "61"]
[EventDate "2022.05.17"]
[EventType "swiss"]
[EventCountry "ITA"]
[SourceTitle "playchess.com"]
[Source "ChessBase"]
[SourceQuality "1"]
[TimeControl "40/3600+30:1800+30"]

1. e4 c6 2. d4 d5 3. exd5 cxd5 4. c4 Nf6 5. Nc3 g6 6. c5 Bg7 7. Bb5+ Bd7 8. Be2 O-O 9. Nf3 Nc6 10. O-O Bg4 11. Be3 Ne4 12. h3 {[%emt 0:01:22] D94: Grünfeld: 4 Nf3 Bg7 5 e3.} Bxf3 13. Bxf3 f5 14. Qb3 {[%emt 0:05:25] The position is equal.} e6 $1 15. Bxe4 {[%emt 0:01:41] [#]} dxe4 $146 (15... fxe4 $15 {keeps the upper hand.} 16. Rad1 Rb8) ({Predecessor:} 15... fxe4 16. Qxb7 Nxd4 17. Rad1 Nf5 18. Bc1 Qc8 19. Qb4 Rf7 20. Ne2 Rb8 21. Qa3 Rb5 22. b4 a5 23. bxa5 Qxc5 24. Qxc5 Rxc5 {0-1 (38) Molchanova,T (2265)-Gochelashvili,D (2427) St Petersburg 2014}) 16. Qxe6+ $16 Kh8 17. Rad1 $36 {[%emt 0:00:44][%mdl 2048] Keeping Black busy. White is more active.} Qh4 {[%emt 0:01:25] [#]} (17... f4 $16) 18. Ne2 $1 $18 g5 {[%emt 0:08:03] [#]} 19. Ng3 $1 f4 20. Nf5 ({Not} 20. Nxe4 $2 Rae8 21. g3 Rxe6 $19) 20... Rxf5 21. Qxf5 fxe3 22. fxe3 Nb4 $2 (22... Re8 23. d5 (23. Qd7 Rg8 $18) 23... Nd8) 23. Qd7 Qg3 (23... Rb8 $142 24. Rf7 Qh6) 24. Qxb7 {[%emt 0:00:32] White is clearly winning.} Rb8 25. Qxe4 g4 26. hxg4 Qc7 27. Rf3 Qd7 28. Rh3 h6 29. d5 Nxa2 30. c6 Qd6 31. Qe6 {[%emt 0:00:00] Weighted Error Value: White=0.10 (very precise) /Black=0.59} 1-0